 Dungeon Crawl Stone Soup version 0.30-a0-777-ga9a30cbeda (webtiles) character file.

Game seed: 10704271281864834252

124 qeuew the Trooper (level 4, -10/36 HPs)
             Began as a Demonspawn Chaos Knight on Feb 14, 2023.
             Was a Plaything of Xom.
             Mangled by Crazy Yiuf
             ... wielding a +4 quarterstaff of chaos
              (13 damage)
             ... on level 2 of the Dungeon.
             The game lasted 00:01:49 (1764 turns).

qeuew the Trooper (Demonspawn Chaos Knight)         Turns: 1764, Time: 00:01:49

Health: -10/36     AC:  5    Str: 14    XL:     4   Next: 81%
Magic:  4/4        EV: 11    Int: 14    God:    Xom [..*...]
Gold:   149        SH:  0    Dex: 12    Spells: 3/3 levels left

rFire   . . .      SeeInvis .    a - +0 mace (chaos)
rCold   . . .      Faith    .    (no shield)
rNeg    . . .      Spirit   .    b - +2 leather armour
rPois   .          Reflect  .    (helmet restricted)
rElec   .          Harm     .    (no cloak)
rCorr   .          Rampage  .    (no gloves)
Will    .....                    (no boots)
Stlth   +                        (no amulet)
HPRegen 0.26/turn                (no ring)
MPRegen 0.09/turn                (no ring)

@: lethally poisoned (-10 -> -15)
A: horns 1, powered by death 2
a: Renounce Religion


You were on level 2 of the Dungeon.
You worshipped Xom.
You were a toy of Xom.
You visited 1 branch of the dungeon, and saw 2 of its levels.

You collected 149 gold pieces.

Inventory:

Hand Weapons
 a - a +0 mace of chaos (weapon)
Armour
 b - a +2 leather armour (worn)
Jewellery
 e - a ring of protection from fire
Potions
 d - a potion of heal wounds
 f - a potion of attraction {unknown}
Miscellaneous
 c - a piece from Xom's chessboard (15/15) (quivered)


   Skills:
 + Level 3.6 Fighting
 + Level 3.3 Maces & Flails
 + Level 2.5 Armour
 + Level 1.9 Dodging
 + Level 1.7 Evocations


You had 3 spell levels left.
You didn't know any spells.
Your spell library was empty.

Dungeon Overview and Level Annotations

Branches:
Dungeon (2/15)

Altars:
Yredelemnul

Shops:
D:1 [

Annotations:
D:2 Crazy Yiuf


Innate Abilities, Weirdness & Mutations

You have a pair of small horns on your head.
You regenerate health from kills.


Message History

No reachable target in view!
No reachable target in view!
No reachable target in view!
No reachable target in view!
No reachable target in view!
No reachable target in view!
No reachable target in view!
No reachable target in view!
No reachable target in view!
No reachable target in view!
No reachable target in view!
You open the door. You closely miss Crazy Yiuf.
Your headbutt misses Crazy Yiuf. Crazy Yiuf barely misses you.
You hit Crazy Yiuf. You headbutt Crazy Yiuf.
Crazy Yiuf is heavily wounded.
Crazy Yiuf hits you with a +4 quarterstaff of chaos!
You are poisoned.
You hit Crazy Yiuf. You freeze Crazy Yiuf.
You headbutt Crazy Yiuf, but do no damage.
Crazy Yiuf is severely wounded.
You feel very sick.
Crazy Yiuf hits you with a +4 quarterstaff of chaos!
* * * LOW HITPOINT WARNING * * *
Crazy Yiuf draws strength from your wounds!
Crazy Yiuf says, "East!"
Crazy Yiuf barely misses you.
You hit Crazy Yiuf but do no damage.
Crazy Yiuf is heavily wounded.
* * * LOW HITPOINT WARNING * * *
You feel very sick. Crazy Yiuf barely misses you.
You hit Crazy Yiuf.
Crazy Yiuf goes berserk!
Your headbutt misses Crazy Yiuf.
Crazy Yiuf is severely wounded.
* * * LOW HITPOINT WARNING * * *
You feel very sick. Crazy Yiuf barely misses you.
Crazy Yiuf hits you with a +4 quarterstaff of chaos!
You die...
Xom snickers!

............###.#.# #.......#
.##..######## ##### #####.#####
.....#### #.....# ~~~.....# #####
#####.# ~_~..##.# #)..# #.#
~~~...#.# #...# ###.#
.....##.#### ... #...#
##.........# #g# #.#####
###.######## ♣@♣♣ #.#8##8 ###.#
♣♣.♣ #...... ....# ♣.♣♣ ###8##8
###.# ♣♣.♣ ##### #.# ♣♣.♣♣ #.#
♣♣...♣ ######### #.# ♣....♣
#.......# # ###.# ##### #....#
##...##.####
.##.####...####....###.........##


You could see Crazy Yiuf (berserk).

Vanquished Creatures
  Jessica (D:2)
  4 gnolls (D:2)
  2 adders (D:2)
  A dart slug (D:2)
  3 ball pythons (D:1)
  5 bats
  2 endoplasms
  5 giant cockroaches
  2 goblins (D:2)
  8 hobgoblins
  A quokka (D:2)
  2 frilled lizards
  3 kobolds
  A rat (D:2)
40 creatures vanquished.

Notes
Turn   | Place    | Note
-------+----------+-------------------------------------------
     0 | D:1      | qeuew the Demonspawn Chaos Knight began the quest for the
                  | Orb.
     0 | D:1      | Reached XP level 1. HP: 18/18 MP: 1/1
    25 | D:1      | Reached skill level 1 in Dodging
   120 | D:1      | Gained mutation: You regenerate a little health from kills.
                  | [demonic ancestry]
   120 | D:1      | Reached XP level 2. HP: 24/24 MP: 2/2
   340 | D:1      | XOM: silly message
   493 | D:1      | Found Ycadecapo's Antique Armour Shoppe.
  1064 | D:2      | Noticed Jessica
  1071 | D:2      | Killed Jessica
  1072 | D:2      | Reached skill level 1 in Evocations
  1072 | D:2      | Gained mutation: You have a pair of small horns on your
                  | head. [demonic ancestry]
  1072 | D:2      | Reached XP level 3. HP: 29/29 MP: 3/3
  1179 | D:2      | Found a faded altar of an unknown god.
  1290 | D:2      | XOM: noise
  1334 | D:2      | Gained mutation: You regenerate health from kills. [demonic
                  | ancestry]
  1334 | D:2      | Reached XP level 4. HP: 35/35 MP: 4/4
  1374 | D:2      | Found a basalt altar of Yredelemnul.
  1755 | D:2      | Found a runed translucent door.
  1756 | D:2      | Noticed Crazy Yiuf
  1764 | D:2      | Mangled by Crazy Yiuf

Illustrated notes

Levels and vault maps discovered:
D:1:      amcnicky_arrival_single_pillar, layout_basic, serial_shops,
          nicolae_shop_behind_doors, hangedman_decor_peaks_small
D:2:      layout_loops_corners, basic_altar,
          hellmonk_ecumenical_altar_pennies_from_heaven,
          amcnicky_mini_corridor_feature, uniq_jessica, uniq_crazy_yiuf_cottage

Skill      XL: |  1  2 |
---------------+-------+-----
Dodging        | 1 |  1.9
Armour         | 2 |  2.5
Maces & Flails | 3 |  3.3
Evocations     | 1 |  1.7
Fighting       | |  3.6

Action                     |  1- 3 |  4- 6 || total
---------------------------+-------+-------++-------
  Melee: Mace              |    77 |    43 ||   120
         Punch             |     1 |       ||     1
         Headbutt          |     5 |     4 ||     9
    Use: Potion            |     3 |       ||     3
   Stab: Paralysed         |     1 |       ||     1
 Armour: Leather armour    |    42 |     8 ||    50
  Dodge: Dodged            |    59 |    32 ||    91

Table legend: (Time is in decaauts)
 A = Elapsed time spent in this place.
 B = Non-inter-level travel time spent in this place.
 C = Inter-level travel time spent in this place.
 D = Time resting spent in this place.
 E = Time spent auto-exploring this place.
 F = Levels seen in this place.
 G = Mean time per level.
                   A        B        C        D        E       F      G
               +--------+--------+--------+--------+--------+-----+--------+
         Total |   1776 |   1761 |     15 |      0 |   1489 |   2 |  888.0 |
       Dungeon |   1776 |   1761 |     15 |      0 |   1489 |   2 |  888.0 |
               +--------+--------+--------+--------+--------+-----+--------+

Top non-repeatable levels by time:
     D:1: 948 daAuts
     D:2: 828 daAuts
